 Dungeon Crawl Stone Soup version 0.21-a0-522-ga8338f0 (webtiles) character file.

6 slep the Slasher (level 1, 0/11 HPs)
             Began as a Vine Stalker Wanderer on Dec 6, 2017.
             Slain by a rat (1 damage)
             ... on level 1 of the Dungeon.
             The game lasted 00:01:15 (122 turns).

slep the Slasher (Vine Stalker Wanderer)             Turns: 122, Time: 00:01:16

Health: 0/11       AC:  2    Str: 13    XL:     1   Next: 90%
Magic:  0/2        EV: 11    Int: 11    God:
Gold:   35         SH:  0    Dex: 15    Spells: 0/0 levels left

rFire    . . .     SeeInvis .   h - +0 whip
rCold    . . .     Gourm    .   (no shield)
rNeg     . . .     Faith    .   e - +0 robe
rPois    .         Spirit   +   (no helmet)
rElec    .         Reflect  .   (no cloak)
rCorr    .         Harm     .   (no gloves)
MR       .....                  (no boots)
Stlth    ++........             (no amulet)
HPRegen  0.03/turn              (no ring)
MPRegen  0.08/turn              (no ring)

@: no status effects
A: fangs 2, magic shield, antimagic bite, no potion heal 3, rot immunity
a: no special abilities


You were on level 1 of the Dungeon.
You were not hungry.

You visited 1 branch of the dungeon, and saw 1 of its levels.

You collected 35 gold pieces.

Inventory:

Hand Weapons
 a - a +2 dagger
 c - a +0 short sword
 d - a +0 falchion
 h - a +0 whip (weapon)
Armour
 e - a +0 robe (worn)
Scrolls
 b - a scroll of fear
Potions
 g - a potion of degeneration {unknown}
Comestibles
 f - a bread ration


   Skills:
 + Level 1.8 Fighting
 + Level 3.0 Long Blades
   Level 1.0 Crossbows
 + Level 1.5 Armour
 + Level 2.4 Stealth


You couldn't memorise any spells.
You didn't know any spells.

Dungeon Overview and Level Annotations

Branches:
Dungeon (1/15)

Altars:


Innate Abilities, Weirdness & Mutations

You have extremely sharp teeth.
When hurt, damage is shared between your health and your magic reserves.
Your bite disrupts and absorbs the magic of your enemies.
Potions cannot restore your health.
You are immune to rotting.


Message History

Things that are here:
a club; a kobold corpse Magic restored.
You now have 28 gold pieces (gained 11).
You now have 35 gold pieces (gained 7).
A rat and a hobgoblin come into view.
The hobgoblin shouts!
You hear a shout!
A rat comes into view.
Found a scroll labeled UFAXKI HIRIVER.
A goblin comes into view.
Drop what? 8/52 slots (_ for help) (? for menu, Esc to quit)
Okay, then.
You hit the rat but do no damage. You bite the rat. You drain its power.
The rat is heavily wounded.
The rat completely misses you.
You barely miss the rat. The rat barely misses you.
You closely miss the rat. The rat bites you.
* * * LOW HITPOINT WARNING * * *
You hit the rat but do no damage. The rat bites you.
You die...

#.##### #.....#
####.....#
#...†....#
#.......##
#.....[.# #
#.......# .#
#....)..####..#
#.......@rrg..#
####.#.###g..#....
#....# #........
#....# #...#....
....... ...?.....
##....# #...#....
#....# #...#....
#...# ..


You could see a hobgoblin, a goblin and 2 rats.

Vanquished Creatures
  A bat (D:1)
  A hobgoblin (D:1)
  2 kobolds (D:1)
  A frilled lizard (D:1)
  A rat (D:1)
6 creatures vanquished.

Notes
Turn   | Place    | Note
-------+----------+-------------------------------------------
     0 | D:1      | slep the Vine Stalker Wanderer began the quest for the Orb.
     0 | D:1      | slep set off with: a +2 dagger, a scroll of fear, a +0 short sword, a +0 falchion, a +0 robe, a bread ration
     0 | D:1      | Reached XP level 1. HP: 11/11 MP: 2/2
    84 | D:1      | Reached skill level 3 in Long Blades
   122 | D:1      | Slain by a rat

Vault maps used:
D:1:      nzn_arrival_depleted_hourglass

Skill      XL: |  1 |
---------------+----+-----
Long Blades    | 3 |  3.0
Fighting       | |  1.8
Crossbows      | |  1.0
Armour         | |  1.5
Stealth        | |  2.4

Action                   || total
-------------------------++-------
Melee: Whip              ||    14
       Dagger            ||     8
       Bite              ||     3
 Stab: Sleeping          ||     1
Armor: Robe              ||     4
Dodge: Dodged            ||    10

Table legend:
 A = Spawn XP
 B = Non-spawn XP
 C = Spawn XP percentage of total XP
 D = Spawn monster count
 E = Non-spawn monster count
 F = Spawn count percentage of total count
 G = Total turns spent on level
                    A         B        C        D         E        F      G
               +---------+---------+-------+---------+---------+-------+---------
         Total |       0 |       9 |   0.0 |       0 |       6 |   0.0 |   122
               +---------+---------+-------+---------+---------+-------+---------
           D:1 |       0 |       9 |   0.0 |       0 |       6 |   0.0 |   122
               +---------+---------+-------+---------+---------+-------+---------
